[Event "GER-ch Youth U14 2020"]
[Site "Willingen"]
[Date "2020.10.23"]
[Round "6.8"]
[White "Rempe, Jonas"]
[Black "Halabi, Ibrahim"]
[Result "1-0"]
[ECO "B90"]
[WhiteElo "1925"]
[BlackElo "1895"]
[Annotator "ChessBase"]
[PlyCount "57"]
[EventDate "2020.10.20"]
[EventType "swiss"]
[EventRounds "7"]
[EventCountry "GER"]
[SourceTitle "playchess.com"]
[Source "ChessBase"]
[SourceQuality "1"]
[TimeControl "40/5400+30:1800+30"]

1. e4 c5 2. Nf3 d6 3. d4 cxd4 4. Nxd4 Nf6 5. Nc3 a6 6. Bc4 e6 7. Be3 b5 8. Bb3 b4 9. Na4 Nxe4 10. Nxe6 fxe6 11. Nb6 Ra7 12. Nxc8 Rc7 13. Nb6 d5 14. Qh5+ Rf7 15. Ba4+ Ke7 16. O-O-O Rf5 17. Qe2 Kf7 18. g4 Rf6 19. f3 Nc5 20. Bxc5 Bxc5 21. Nc4 Bd6 22. Ne3 Bf4 23. Kb1 Qa5 24. Bb3 Qb6 25. Nxd5 exd5 26. Rxd5 Re8 27. Re5+ Ree6 28. Rxe6 Rxe6 29. Re1 1-0

[Event "GER-ch Youth U14 2020"]
[Site "Willingen"]
[Date "2020.10.23"]
[Round "6.9"]
[White "Tham, Nam"]
[Black "Foerster-Yialamas, Lucas"]
[Result "1-0"]
[ECO "B90"]
[WhiteElo "1890"]
[BlackElo "2033"]
[Annotator "ChessBase"]
[PlyCount "119"]
[EventDate "2020.10.20"]
[EventType "swiss"]
[EventRounds "7"]
[EventCountry "GER"]
[SourceTitle "playchess.com"]
[Source "ChessBase"]
[SourceQuality "1"]
[TimeControl "40/5400+30:1800+30"]

1. e4 c5 2. Nf3 d6 3. d4 cxd4 4. Nxd4 Nf6 5. Nc3 a6 6. Be3 e5 7. Nb3 Be6 8. f3 Nbd7 9. Qd2 b5 10. O-O-O Be7 11. g4 Nb6 12. Qf2 Nc4 13. Bxc4 bxc4 14. Nc5 Bxg4 15. Nd5 Nxd5 16. exd5 Bf5 17. Ne4 Bxe4 18. fxe4 Qa5 19. Rhg1 g6 20. Bh6 Rg8 21. Qd2 Qa4 22. Qc3 Rc8 23. Rdf1 Rb8 24. b3 Qa3+ 25. Kd2 Qb4 26. bxc4 Qxc3+ 27. Kxc3 f6 28. Be3 Kd7 29. Rb1 Rgc8 30. Ba7 Ra8 31. Rb7+ Rc7 32. Rxc7+ Kxc7 33. Be3 Rb8 34. Rf1 Kd7 35. a4 Bd8 36. c5 dxc5 37. Bxc5 Ba5+ 38. Kc4 Rb2 39. c3 Rc2 40. Bb4 Bd8 41. Bc5 Re2 42. Kd3 Rxh2 43. Rb1 Rh3+ 44. Kc4 Ba5 45. Bb4 Bxb4 46. Rxb4 Kc7 47. a5 Re3 48. Rb6 Rxe4+ 49. Kc5 Re3 50. c4 f5 51. d6+ Kd7 52. Rxa6 Rd3 53. Ra7+ Ke6 54. Re7+ Kf6 55. a6 f4 56. a7 Ra3 57. Rxh7 f3 58. d7 f2 59. d8=Q+ Kf5 60. Rf7+ 1-0

[Event "GER-ch Youth U14 2020"]
[Site "Willingen"]
[Date "2020.10.23"]
[Round "6.11"]
[White "Ermitsch, Magnus"]
[Black "Bungarten, Jona"]
[Result "1/2-1/2"]
[ECO "C60"]
[WhiteElo "2049"]
[BlackElo "1834"]
[Annotator "ChessBase"]
[PlyCount "79"]
[EventDate "2020.10.20"]
[EventType "swiss"]
[EventRounds "7"]
[EventCountry "GER"]
[SourceTitle "playchess.com"]
[Source "ChessBase"]
[SourceQuality "1"]
[TimeControl "40/5400+30:1800+30"]

1. e4 e5 2. Nf3 Nc6 3. Bb5 Nge7 4. Nc3 Ng6 5. O-O Bc5 6. a3 O-O 7. b4 Be7 8. Bc4 d6 9. d3 Bg4 10. h3 Bxf3 11. Qxf3 Nd4 12. Qd1 Bg5 13. Be3 c6 14. Ne2 Ne6 15. d4 Bf4 16. dxe5 Bxe5 17. Rb1 Qh4 18. Rb3 d5 19. exd5 Qxc4 20. dxe6 fxe6 21. Qd3 Qh4 22. Bc5 Rf7 23. Qe3 Qf6 24. Bd4 Bxd4 25. Qxd4 e5 26. Qe4 Rd8 27. Rd3 Rxd3 28. Qxd3 Qg5 29. Rd1 Rf8 30. Qg3 Qf5 31. Rd2 h6 32. Qe3 Nf4 33. Nxf4 Qxf4 34. Re2 Rd8 35. Qxf4 exf4 36. Re7 Rd1+ 37. Kh2 Ra1 38. Rxb7 Rxa3 39. Rc7 Rc3 40. Rxa7 1/2-1/2

[Event "GER-ch Youth U14 2020"]
[Site "Willingen"]
[Date "2020.10.23"]
[Round "6.12"]
[White "Fuhrmann, Bahne"]
[Black "Pikalow, Michael"]
[Result "1-0"]
[ECO "B52"]
[WhiteElo "1816"]
[BlackElo "2021"]
[Annotator "ChessBase"]
[PlyCount "55"]
[EventDate "2020.10.20"]
[EventType "swiss"]
[EventRounds "7"]
[EventCountry "GER"]
[SourceTitle "playchess.com"]
[Source "ChessBase"]
[SourceQuality "1"]
[TimeControl "40/5400+30:1800+30"]

1. e4 c5 2. Nf3 d6 3. Bb5+ Bd7 4. Bxd7+ Qxd7 5. c4 Nf6 6. Nc3 g6 7. d4 cxd4 8. Nxd4 Bg7 9. O-O O-O 10. h3 a6 11. a4 Rc8 12. b3 Qd8 13. Be3 Nbd7 14. Rb1 Nc5 15. f3 Ne6 16. e5 Nxd4 17. Bxd4 dxe5 18. Bxe5 Qa5 19. Bxf6 Bxf6 20. Nd5 Qc5+ 21. Kh1 Bh4 22. b4 Qd6 23. Qd4 Bg3 24. Qb6 Rab8 25. Qxd6 Bxd6 26. c5 e6 27. Nf6+ Kg7 28. Nd7 1-0

[Event "GER-ch Youth U14 2020"]
[Site "Willingen"]
[Date "2020.10.23"]
[Round "6.13"]
[White "Hecht, Jonas Christian"]
[Black "Sallandt, Frido"]
[Result "1-0"]
[ECO "D52"]
[WhiteElo "1764"]
[BlackElo "1770"]
[Annotator "NA"]
[PlyCount "85"]
[EventDate "2020.10.20"]
[EventType "swiss"]
[EventRounds "7"]
[EventCountry "GER"]
[SourceTitle "playchess.com"]
[Source "ChessBase"]
[SourceQuality "1"]
[TimeControl "40/5400+30:1800+30"]

1. d4 Nf6 2. c4 e6 3. Nf3 d5 4. Bg5 c6 5. e3 Nbd7 6. Nc3 Bd6 7. Bd3 dxc4 8. Bxc4 b5 9. Bd3 a6 10. Rc1 Bb7 11. O-O O-O 12. e4 e5 13. dxe5 Nxe5 14. Nxe5 Bxe5 15. f4 Bd4+ 16. Kh1 c5 17. e5 Bxc3 18. Bxf6 Qd5 19. Qg4 g6 20. Rxc3 b4 21. Bc4 Qxg2+ 22. Qxg2 Bxg2+ 23. Kxg2 bxc3 24. e6 cxb2 25. exf7+ Rxf7 26. Bxf7+ Kxf7 27. Bxb2 Rd8 28. Rf2 Rd5 29. h4 Ke6 30. Re2+ Kd7 31. Be5 Kc6 32. Kf3 c4 33. h5 gxh5 34. f5 Kd7 35. f6 Ke6 36. Bc3+ Kf7 37. Re7+ Kf8 38. Ke4 Rd1 39. Rxh7 Rf1 40. Rxh5 Rc1 41. Kd4 Rc2 42. a3 Ra2 43. Rh7 1-0

[Event "GER-ch Youth U14 2020"]
[Site "Willingen"]
[Date "2020.10.23"]
[Round "6.14"]
[White "Freude, Max"]
[Black "Kageler, Anton Paul"]
[Result "0-1"]
[ECO "B76"]
[WhiteElo "1850"]
[BlackElo "1664"]
[Annotator "NA"]
[PlyCount "110"]
[EventDate "2020.10.20"]
[EventType "swiss"]
[EventRounds "7"]
[EventCountry "GER"]
[SourceTitle "playchess.com"]
[Source "ChessBase"]
[SourceQuality "1"]
[TimeControl "40/5400+30:1800+30"]

1. e4 c5 2. Nf3 d6 3. d4 cxd4 4. Nxd4 Nf6 5. Nc3 g6 6. Be3 Bg7 7. f3 O-O 8. Qd2 Nc6 9. g4 Nxd4 10. Bxd4 Be6 11. h4 Qa5 12. a3 {[%emt 0:10:42] B76: Sicilian Dragon: Yugoslav Attack, 9 g4 and 9 0-0-0.} Rfc8 {[%emt 0:03:40] [#]} 13. Qg5 $146 ({Predecessor:} 13. h5 Rab8 14. hxg6 hxg6 15. Qh2 Rc6 16. b4 Qd8 17. Nb5 Ra8 18. Rd1 Qc8 19. Rd2 a6 20. Bxf6 Bxf6 {½-½ (40) Klugel,J (2550)-Matyukhin,S (2610) RCCA corr 2005}) 13... Qxg5 14. hxg5 Nd7 15. Bxg7 Kxg7 16. Be2 Ne5 17. O-O-O Bc4 18. Bxc4 Rxc4 19. Rhf1 Rac8 20. Rf2 $15 Rxc3 21. bxc3 Rxc3 22. Rh2 Rxf3 23. Rdh1 e6 24. Rxh7+ Kf8 25. Rh8+ Ke7 26. Rb8 Rxa3 27. Rhh8 Kd7 28. Rxb7+ Kc6 29. Rbb8 Kc5 30. Rhc8+ Kd4 31. Kb2 Ra6 32. Rb4+ Ke3 33. Rc7 Kf4 34. Rbb7 Rb6+ 35. Kc3 Rxb7 36. Rxb7 Kxe4 37. Rxa7 Kf4 38. Ra6 d5 39. Ra4+ Kxg5 40. Kd2 Nxg4 41. Ke2 Ne5 42. Ke3 Kf5 43. Rf4+ Kg5 44. Ra4 f5 45. Rb4 Kf6 46. Ra4 g5 47. Ra8 f4+ 48. Kf2 Ng4+ 49. Kf3 Kf5 50. Rf8+ Nf6 51. Rf7 g4+ 52. Kg2 e5 53. Rf8 e4 54. Rf7 e3 55. Rf8 f3+ 0-1

[Event "GER-ch Youth U14 2020"]
[Site "Willingen"]
[Date "2020.10.23"]
[Round "6.15"]
[White "Kort, Felix"]
[Black "Klühs, Gustaf"]
[Result "1/2-1/2"]
[ECO "A52"]
[WhiteElo "1823"]
[BlackElo "1827"]
[Annotator "NA"]
[PlyCount "61"]
[EventDate "2020.10.20"]
[EventType "swiss"]
[EventRounds "7"]
[EventCountry "GER"]
[SourceTitle "playchess.com"]
[Source "ChessBase"]
[SourceQuality "1"]
[TimeControl "40/5400+30:1800+30"]

1. d4 Nf6 2. c4 e5 3. dxe5 Ng4 4. Bf4 Nc6 5. Nf3 Bb4+ 6. Nbd2 Qe7 7. a3 Ngxe5 {[%emt 0:00:08] A52: Budapest Gambit.} 8. Nxe5 Nxe5 9. Qc2 (9. axb4 $2 {leads to mate.} Nd3#) 9... Bxd2+ 10. Qxd2 d6 11. e3 {[%emt 0:06:40] [#]} O-O $146 ({Predecessor:} 11... Be6 12. Rc1 O-O 13. e4 Ng6 14. Bd3 f5 15. Bg5 Qf7 16. exf5 Bxf5 17. O-O Ne5 18. Bxf5 Qxf5 {0-1 (39) Bonitz,R (1470)-Kleiser,S (1476) Haslach im Kinzigtal 2010}) 12. Be2 Rd8 13. O-O Bd7 14. Rac1 Bc6 15. b4 b6 16. Rfd1 Ba4 17. Rf1 Bc6 18. Qc3 Ng6 19. Bg3 $11 Nh4 20. c5 bxc5 21. bxc5 d5 22. Qe5 Qxe5 23. Bxe5 Rd7 24. Bg3 Ng6 25. Rfd1 Nf8 26. Rd2 f5 27. Bf3 Ne6 28. Rcd1 Rad8 29. Rc1 Kf7 30. h4 g6 31. Kf1 1/2-1/2

[Event "GER-ch Youth U14 2020"]
[Site "Willingen"]
[Date "2020.10.23"]
[Round "6.16"]
[White "Weidenhöfer, Max"]
[Black "Tovmasyan, Minas"]
[Result "0-1"]
[ECO "B41"]
[WhiteElo "1897"]
[BlackElo "1658"]
[Annotator "NA RC"]
[PlyCount "144"]
[EventDate "2020.10.20"]
[EventType "swiss"]
[EventRounds "7"]
[EventCountry "GER"]
[SourceTitle "playchess.com"]
[Source "ChessBase"]
[SourceQuality "1"]
[TimeControl "40/5400+30:1800+30"]

1. e4 c5 2. Nf3 e6 3. d4 cxd4 4. Nxd4 a6 5. c4 Qc7 6. Nc3 Nf6 7. Be2 d6 8. f4 {[%emt 0:01:16] B41: Sicilian: Kan Variation: 5 c4.} b6 9. f5 e5 10. Nb3 Bb7 {[%emt 0:01:14] [#]} 11. Be3 $146 ({Predecessor:} 11. Qd3 Nbd7 12. Qf3 Be7 13. g4 b5 14. cxb5 axb5 15. g5 Nxe4 16. Nxe4 d5 17. Ng3 {1-0 (34) Kathmale,S (2264)-Abbas,D (2319) Groningen 2017}) 11... Nbd7 12. Bd3 h5 13. Rc1 Be7 14. Nd5 Bxd5 15. cxd5 Qb7 16. Qe2 O-O 17. h3 h4 18. Bf2 Nc5 19. Nxc5 dxc5 20. O-O Rfc8 21. Qe1 b5 22. Bxh4 c4 23. Bb1 a5 24. Kh1 Nh5 25. Bg3 Bf6 26. Bh2 Nf4 27. Bxf4 exf4 28. Qe2 Be5 29. Rce1 f6 30. Rd1 Ra6 31. Qd2 Qc7 32. Qe2 Rb6 33. Rc1 Qd6 34. b3 Qb4 35. Bd3 c3 36. Qg4 Qe7 37. Qh4 Rcb8 38. Be2 Qd6 39. Bh5 Kf8 40. Bg6 Ke7 41. Qh7 R8b7 42. Qxg7+ Kd8 43. Qg8+ Kc7 44. Rxf4 Rb8 45. Qf7+ (45. Qh7+ $142 Qd7 46. Qh6) 45... Qd7 46. Qxd7+ Kxd7 47. Rf3 b4 48. Rf2 a4 $1 49. bxa4 b3 $1 50. axb3 Rxb3 51. g3 Rb1 ({Black should play} 51... Bxg3 52. Rff1 R8b4) 52. Rfc2 $15 Rxc1+ 53. Rxc1 Rb2 54. Bh5 c2 55. Kg2 Bc3 56. Kf3 Bd2 57. Rxc2 Rxc2 58. Bf7 Rc3+ 59. Ke2 Bh6 60. Kf2 Re3 61. Be6+ Kd6 62. e5+ Kxe5 63. h4 Ra3 64. g4 Ra2+ 65. Kf3 Ra3+ 66. Ke2 Kf4 67. d6 Rxa4 68. d7 Rd4 69. g5 fxg5 70. hxg5 Bxg5 71. Kf2 Rd2+ 72. Ke1 Ke5 0-1

[Event "GER-ch Youth U14 2020"]
[Site "Willingen"]
[Date "2020.10.23"]
[Round "6.17"]
[White "Schwartz, Oliver"]
[Black "Englert, Luca"]
[Result "1-0"]
[ECO "B07"]
[WhiteElo "1794"]
[BlackElo "1530"]
[Annotator "NA"]
[PlyCount "91"]
[EventDate "2020.10.20"]
[EventType "swiss"]
[EventRounds "7"]
[EventCountry "GER"]
[SourceTitle "playchess.com"]
[Source "ChessBase"]
[SourceQuality "1"]
[TimeControl "40/5400+30:1800+30"]

1. e4 d6 2. d4 Nf6 3. Nc3 g6 4. Be3 Bg7 5. h3 O-O 6. f4 Nbd7 7. Nf3 b6 8. e5 Ne8 9. Bd3 Bb7 10. Be4 Bxe4 11. Nxe4 c5 12. c3 d5 13. Nf2 Nc7 14. Qd2 e6 15. h4 a5 16. h5 a4 17. hxg6 fxg6 18. Ng4 Rf5 19. Ng5 h5 20. Nf2 c4 21. a3 Nf8 22. g4 hxg4 23. Nxg4 Qd7 24. Nh6+ Bxh6 25. Rxh6 Qg7 26. Qh2 Nb5 27. Kd2 Na7 28. Rh1 Rxg5 29. fxg5 Nc6 30. Rh8+ Kf7 31. Qf4+ Ke8 32. Qf6 Qxf6 33. gxf6 Ra7 34. Bh6 Rf7 35. Bxf8 Rxf8 36. Rxf8+ Kxf8 37. Rh8+ Kf7 38. Rh7+ Ke8 39. Rb7 g5 40. Rxb6 Nd8 41. Ra6 g4 42. Rxa4 Nc6 43. Ra6 Nd8 44. Ra8 Kd7 45. Rxd8+ Kxd8 46. Ke3 1-0

[Event "GER-ch Youth U14 2020"]
[Site "Willingen"]
[Date "2020.10.23"]
[Round "6.18"]
[White "Meuer, David"]
[Black "Niemann, Leon"]
[Result "1/2-1/2"]
[ECO "B22"]
[WhiteElo "1632"]
[BlackElo "1880"]
[Annotator "NA RC"]
[PlyCount "152"]
[EventDate "2020.10.20"]
[EventType "swiss"]
[EventRounds "7"]
[EventCountry "GER"]
[SourceTitle "playchess.com"]
[Source "ChessBase"]
[SourceQuality "1"]
[TimeControl "40/5400+30:1800+30"]

1. e4 c5 2. c3 Nf6 3. e5 Nd5 4. d4 cxd4 5. cxd4 Nc6 6. Nf3 g6 7. Bc4 Nb6 8. Bb3 Bg7 9. O-O O-O 10. Nc3 d6 {[%emt 0:03:27] B22: Sicilian: 2 c3.} 11. Bf4 Bg4 12. Re1 Bxf3 13. Qxf3 Nxd4 14. Qxb7 {[%emt 0:01:14] [#]} Rb8 $146 ({Predecessor:} 14... a5 15. exd6 exd6 16. Rad1 a4 17. Bd5 Rb8 18. Qa7 a3 19. Qxa3 Nxd5 20. Nxd5 Rxb2 21. Ne7+ Kh8 22. Bh6 Re2 23. Bxg7+ Kxg7 24. Qc3 {½-½ (24) Elier,A (1885)-Wendler,D (2107) Walldorf 2017}) 15. Qe4 Nxb3 16. axb3 dxe5 17. Bxe5 Bxe5 18. Qxe5 Rb7 19. h4 Qb8 20. Qg5 Nc8 21. h5 Rxb3 22. Nd5 Rxb2 23. Rxe7 Rxf2 $1 24. Kxf2 Qb2+ 25. Kg3 Qxa1 26. Nf6+ Kg7 27. Ne8+ Kg8 28. Nf6+ Kg7 29. Ne8+ Kh8 30. Qh6 Nxe7 31. Qxf8+ Ng8 32. Qxf7 Qe5+ 33. Kh3 Qf5+ 34. Qxf5 gxf5 35. Nd6 a5 36. Nxf5 a4 37. Ne3 a3 38. Nc2 a2 39. Kg3 Nf6 40. Kh4 Kg7 41. g4 Nd5 42. g5 Kf8 43. Kg3 Ke7 44. Kf3 $1 Kd6 45. Ke4 Ne7 46. Kd4 Ke6 47. g6 $11 Nxg6 48. Kc3 Nf4 49. Kb2 Nxh5 50. Kxa2 Nf4 51. Kb1 h5 52. Nd4+ Kd5 53. Nf3 Ng2 54. Kc1 Ke4 55. Ng5+ Kf4 56. Nh3+ Kg3 57. Ng5 h4 58. Kd2 Kf4 59. Nh3+ Kg4 60. Ng1 Kg3 61. Ke2 Nf4+ 62. Kf1 Nd3 63. Ne2+ Kh2 64. Ng1 Ne5 65. Kf2 Nd3+ 66. Kf1 Kg3 67. Ne2+ Kg4 68. Ng1 Ne5 69. Kf2 Nc4 70. Kg2 Nd6 71. Kf2 Nf5 72. Kg2 Ne7 73. Kf2 Ng6 74. Kg2 Kf4 75. Nf3 Ke3 76. Nxh4 Nxh4+ 1/2-1/2

[Event "GER-ch Youth U14 2020"]
[Site "Willingen"]
[Date "2020.10.23"]
[Round "6.19"]
[White "Mimkes, Antal"]
[Black "Pfeffer, Samuel"]
[Result "1/2-1/2"]
[ECO "C30"]
[WhiteElo "1567"]
[BlackElo "1427"]
[Annotator "NA"]
[PlyCount "112"]
[EventDate "2020.10.20"]
[EventType "swiss"]
[EventRounds "7"]
[EventCountry "GER"]
[SourceTitle "playchess.com"]
[Source "ChessBase"]
[SourceQuality "1"]
[TimeControl "40/5400+30:1800+30"]

1. e4 e5 2. f4 Bc5 3. Nf3 d6 4. Bc4 Nc6 5. Nc3 Nf6 6. d3 Bg4 7. h3 Bxf3 8. Qxf3 Nd4 9. Qd1 Nd7 10. g3 c6 11. Na4 Qa5+ 12. c3 b5 13. Nxc5 dxc5 14. Bd2 Nc2+ 15. Qxc2 bxc4 16. dxc4 exf4 17. Bxf4 O-O 18. O-O Rfe8 19. Bd6 Re6 20. Qf2 f6 21. Qf4 Rae8 22. Bc7 Qa6 23. Qd2 Qc8 24. Bf4 Nb6 25. b3 Rxe4 26. Rae1 a5 27. Rxe4 Rxe4 28. Re1 Rxe1+ 29. Qxe1 Qd7 30. Bc7 Nc8 31. Bxa5 Kf7 32. Kg2 Qd3 33. Qf2 Nd6 34. Kh2 Ne4 35. Qg2 Ng5 36. Qf2 Ne4 37. Qe1 Ng5 38. Kg2 Qf3+ 39. Kg1 Nxh3+ 40. Kh2 Ng5 41. Bc7 Qd3 42. Kg2 Qf3+ 43. Kg1 Qg4 44. Qf1 Ne4 45. Qd3 h5 46. Kf1 h4 47. gxh4 Qxh4 48. Ke2 Qf2+ 49. Kd1 Qg2 50. Kc1 Qg1+ 51. Kb2 Qe1 52. a4 Nf2 53. Qc2 Nd1+ 54. Ka3 Nxc3 55. Kb2 Nd1+ 56. Ka2 Nc3+ 1/2-1/2

[Event "GER-ch Youth U14 2020"]
[Site "Willingen"]
[Date "2020.10.23"]
[Round "6.20"]
[White "Ehrig, Leon Chris"]
[Black "Brunner, Alexander"]
[Result "1-0"]
[ECO "B21"]
[WhiteElo "1718"]
[BlackElo "1692"]
[Annotator "NA RC"]
[PlyCount "56"]
[EventDate "2020.10.20"]
[EventType "swiss"]
[EventRounds "7"]
[EventCountry "GER"]
[SourceTitle "playchess.com"]
[Source "ChessBase"]
[SourceQuality "1"]
[TimeControl "40/5400+30:1800+30"]

1. e4 c5 2. d4 cxd4 3. c3 dxc3 4. Nxc3 Nc6 5. Nf3 e5 6. Bc4 a6 7. O-O b5 8. Bb3 Bc5 9. Bxf7+ Kf8 10. Bd5 Qc7 11. a3 Bb7 12. b4 Bd4 13. Bb2 Rd8 14. Rc1 Qb6 15. Bxg8 Rxg8 16. Nd5 Qa7 17. Nxd4 Nxd4 18. Bxd4 Qxd4 19. Qf3+ Ke8 20. Rfd1 Qb2 21. Qh5+ g6 22. Qxh7 Bxd5 23. exd5 Kf8 24. d6 Re8 25. Qxd7 Rg7 26. Qg4 Rf7 27. Qh4 Kg7 28. d7 Rxd7 1-0

[Event "GER-ch Youth U14 2020"]
[Site "Willingen"]
[Date "2020.10.23"]
[Round "6.21"]
[White "Wiedersich, Hendryk"]
[Black "Raasch, Hauke"]
[Result "0-1"]
[ECO "B18"]
[WhiteElo "1570"]
[BlackElo "1676"]
[Annotator "NA"]
[PlyCount "77"]
[EventDate "2020.10.20"]
[EventType "swiss"]
[EventRounds "7"]
[EventCountry "GER"]
[SourceTitle "playchess.com"]
[Source "ChessBase"]
[SourceQuality "1"]
[TimeControl "40/5400+30:1800+30"]

1. d4 d5 2. Nc3 c6 3. e4 dxe4 4. Nxe4 Bf5 5. Ng3 Bg6 6. Nf3 Nd7 7. Bd3 Bxd3 8. Qxd3 e6 9. c3 Ngf6 10. Bg5 Be7 11. O-O-O Qc7 12. Bxf6 Nxf6 13. Ne5 Nd7 14. Rhe1 O-O-O 15. Qe4 Nxe5 16. Qxe5 Qxe5 17. dxe5 Rxd1+ 18. Kxd1 Rd8+ 19. Kc2 Rd5 20. f4 c5 21. Re3 c4 22. Ne2 Bc5 23. Re4 b5 24. a4 a6 25. axb5 axb5 26. Nd4 Bxd4 27. Rxd4 Rxd4 28. cxd4 b4 29. Kd2 Kd7 30. Ke3 Kc6 31. Ke4 b3 32. d5+ exd5+ 33. Kd4 h5 34. g3 Kd7 35. h3 Ke6 36. g4 hxg4 37. hxg4 g6 38. Kc3 g5 39. f5+ 0-1

[Event "GER-ch Youth U14 2020"]
[Site "Willingen"]
[Date "2020.10.23"]
[Round "6.22"]
[White "Bock, Marlon"]
[Black "Lerchl, Clemens"]
[Result "1/2-1/2"]
[ECO "A48"]
[WhiteElo "1776"]
[BlackElo "1699"]
[Annotator "NA"]
[PlyCount "56"]
[EventDate "2020.10.20"]
[EventType "swiss"]
[EventRounds "7"]
[EventCountry "GER"]
[SourceTitle "playchess.com"]
[Source "ChessBase"]
[SourceQuality "1"]
[TimeControl "40/5400+30:1800+30"]

1. d4 Nf6 2. Nf3 g6 3. Nc3 d5 4. Bf4 Bg7 5. Qd2 O-O 6. Bh6 c5 7. Bxg7 Kxg7 8. dxc5 Qa5 9. Ne4 Qxd2+ 10. Nexd2 Na6 11. Nb3 Ne4 12. e3 Naxc5 13. Nxc5 Nxc5 14. Rd1 e6 15. Be2 b6 16. Nd4 Ba6 17. Nb5 Bxb5 18. Bxb5 a6 19. Be2 Na4 20. Rb1 Rfc8 21. c3 b5 22. O-O Nb6 23. Rfd1 Nc4 24. Kf1 Rab8 25. Ke1 b4 26. Bxc4 Rxc4 27. cxb4 Rbxb4 28. b3 Rc5 1/2-1/2

[Event "GER-ch Youth U14 2020"]
[Site "Willingen"]
[Date "2020.10.24"]
[Round "7.9"]
[White "Kageler, Anton Paul"]
[Black "Hecht, Jonas Christian"]
[Result "0-1"]
[ECO "B33"]
[WhiteElo "1664"]
[BlackElo "1764"]
[Annotator "NA RC"]
[PlyCount "70"]
[EventDate "2020.10.20"]
[EventType "swiss"]
[EventRounds "7"]
[EventCountry "GER"]
[SourceTitle "playchess.com"]
[Source "ChessBase"]
[SourceQuality "1"]
[TimeControl "40/5400+30:1800+30"]

1. e4 c5 2. Nf3 Nc6 3. d4 cxd4 4. Nxd4 Nf6 5. Nc3 e5 6. Ndb5 d6 7. Bg5 a6 8. Na3 b5 9. Nd5 Be7 10. Bxf6 Bxf6 11. c3 Bg5 12. Nc2 Rb8 13. a4 bxa4 14. Ncb4 Bd7 15. Bxa6 Na5 16. Qc2 O-O 17. O-O Nb3 18. Rad1 Nc5 19. Bc4 Kh8 20. Ne3 Bxe3 21. fxe3 Qg5 22. Rxd6 Qxe3+ 23. Kh1 Bg4 24. Bd5 f5 25. Qf2 Qxf2 26. Rxf2 fxe4 27. Rxf8+ Rxf8 28. h3 Bd1 29. Bc4 Bb3 30. Bxb3 axb3 31. Rd5 Na4 32. Rxe5 Nxb2 33. Rxe4 g6 34. Re1 Rd8 35. Kg1 Nd1 0-1

[Event "GER-ch Youth U14 2020"]
[Site "Willingen"]
[Date "2020.10.24"]
[Round "7.10"]
[White "Bungarten, Jona"]
[Black "Fuhrmann, Bahne"]
[Result "1/2-1/2"]
[ECO "C36"]
[WhiteElo "1834"]
[BlackElo "1816"]
[Annotator "NA RC"]
[PlyCount "98"]
[EventDate "2020.10.20"]
[EventType "swiss"]
[EventRounds "7"]
[EventCountry "GER"]
[SourceTitle "playchess.com"]
[Source "ChessBase"]
[SourceQuality "1"]
[TimeControl "40/5400+30:1800+30"]

1. e4 e5 2. f4 d5 3. exd5 exf4 4. Nf3 Nf6 5. Bc4 Bd6 6. O-O O-O $1 7. d4 Bg4 8. Qd3 c6 9. Nc3 b5 10. Bb3 b4 11. Ne2 Nxd5 12. Bxd5 cxd5 13. Nxf4 Bxf4 14. Bxf4 Nc6 15. Ng5 g6 16. Qg3 h5 17. c3 bxc3 18. bxc3 f6 {[%emt 0:01:16] [#]} (18... Ne7 $16 {was necessary.}) 19. Bd6 $2 (19. Ne6 $1 $18 Qd7 (19... Bxe6 20. Qxg6+) 20. Nxf8 Rxf8 21. Rae1) 19... Re8 20. Nf3 Re3 21. Qf4 Re6 22. Bc5 Bxf3 23. Rxf3 Qd7 24. Raf1 Kg7 25. Qh4 f5 26. Qg5 Kh7 27. Rg3 Qd8 {[%emt 0:01:59] [#]} 28. Qd2 $2 (28. Rxf5 $1 $16 Qxg5 (28... gxf5 29. Qg7#) 29. Rfxg5) 28... Qf6 (28... Na5 $1 $15) 29. Ba3 Rae8 30. Bc1 Qf8 31. Qg5 Ne7 (31... Nd8 $15) 32. Rh3 Ng8 33. Bf4 (33. g4 $1 $14 Qf6 34. gxf5 Qxg5+ 35. Bxg5 gxf5 $14 36. Rhf3 (36. Rxf5 Kg6 $11)) 33... Re1 34. Be5 $2 (34. Rg3 $11 Rxf1+ 35. Kxf1) 34... Rxf1+ $2 (34... R8xe5 $19 35. Rg3 Rxf1+ 36. Kxf1 Re6) 35. Kxf1 Qh6 36. Bf4 Qxg5 37. Bxg5 Nh6 38. Re3 Rxe3 39. Bxe3 Ng4 40. Ke2 Nxh2 41. c4 dxc4 42. d5 Ng4 43. Bxa7 Nf6 44. d6 Kg7 45. a4 Kf7 46. Ke3 $15 Ke6 47. Kd4 Kxd6 48. Kxc4 Kc6 49. Kd4 Nd5 1/2-1/2

[Event "GER-ch Youth U14 2020"]
[Site "Willingen"]
[Date "2020.10.24"]
[Round "7.12"]
[White "Tovmasyan, Minas"]
[Black "Schwartz, Oliver"]
[Result "1/2-1/2"]
[ECO "E84"]
[WhiteElo "1658"]
[BlackElo "1794"]
[Annotator "NA RC"]
[PlyCount "73"]
[EventDate "2020.10.20"]
[EventType "swiss"]
[EventRounds "7"]
[EventCountry "GER"]
[SourceTitle "playchess.com"]
[Source "ChessBase"]
[SourceQuality "1"]
[TimeControl "40/5400+30:1800+30"]

1. d4 Nf6 2. c4 g6 3. Nc3 Bg7 4. e4 d6 5. f3 O-O 6. Be3 Nc6 7. Nge2 a6 8. Qd2 Rb8 9. Nc1 e5 10. Nb3 Nh5 11. d5 Ne7 12. O-O-O b5 13. cxb5 axb5 14. Bxb5 Ra8 15. a4 Ba6 16. Kc2 Qc8 17. Ra1 Rd8 18. Na5 Bb7 19. Nc6 Bxc6 20. dxc6 Qe6 21. Nd5 Nxd5 22. Qxd5 Nf6 23. Qxe6 fxe6 24. Bg5 d5 25. Bxf6 Bxf6 26. Rhd1 Be7 27. Rd3 Bb4 28. Rad1 d4 29. Kb3 Be7 30. Kc4 Rdb8 31. b3 Rb6 32. Rf1 Rab8 33. Rd2 Bg5 34. Rdd1 Be3 35. g3 g5 36. Kd3 Kf7 37. Ra1 1/2-1/2

[Event "GER-ch Youth U14 2020"]
[Site "Willingen"]
[Date "2020.10.24"]
[Round "7.15"]
[White "Pfeffer, Samuel"]
[Black "Spriestersbach, Kai"]
[Result "1-0"]
[ECO "E42"]
[WhiteElo "1427"]
[BlackElo "1863"]
[Annotator "NA RC"]
[PlyCount "55"]
[EventDate "2020.10.20"]
[EventType "swiss"]
[EventRounds "7"]
[EventCountry "GER"]
[SourceTitle "playchess.com"]
[Source "ChessBase"]
[SourceQuality "1"]
[TimeControl "40/5400+30:1800+30"]

1. d4 Nf6 2. c4 e6 3. Nc3 Bb4 4. e3 c5 5. Nge2 b6 6. a3 Ba5 7. Bd2 O-O 8. Rb1 Na6 9. Nf4 {[%emt 0:04:21] E42: Nimzo-Indian: Rubinstein: 4...c5 5 Ne2.} Bb7 10. Bd3 d6 {[%emt 0:08:11] [#]} 11. Nh5 $146 ({Predecessor:} 11. O-O e5 12. Nfe2 exd4 13. exd4 d5 14. Bg5 Bxc3 15. bxc3 cxd4 16. cxd4 dxc4 17. Bxc4 {½-½ (27) Sebenik,M (2511)-Farid,F (2396) Biel 2013}) 11... g6 ({Wrong is} 11... Bxg2 $2 12. Rg1 $18) 12. Nxf6+ Qxf6 13. Qg4 e5 (13... Bxc3 $14 14. Bxc3 Qe7) 14. d5 Bc8 15. Qg3 Qe7 16. h4 Bd7 17. h5 Kg7 18. e4 Rh8 19. h6+ Kg8 20. O-O f6 21. f4 Rf8 22. f5 g5 23. Bxg5 $18 fxg5 24. f6 Qf7 25. Qxg5+ Qg6 26. f7+ Rxf7 27. Qd8+ Rf8 28. Qxf8# 1-0